 Dungeon Crawl Stone Soup version 0.32-a0-616-g9348d4545b (webtiles) character file.

Game seed: 10965753849103918339

2230 Fodor the Blocker (level 9, 0/71 (75) HPs)
             Began as a Minotaur Fighter on Mar 5, 2024.
             Was an Initiate of Gozag.
             Slain by a gnoll sergeant
             ... wielding a +2 spear of venom
              (1 damage)
             ... on level 7 of the Dungeon.
             The game lasted 00:14:15 (4899 turns).

Fodor the Blocker (Minotaur Fighter)                Turns: 4899, Time: 00:14:17

HP:   0/71 (75)     AC: 10    Str: 24    XL:     9   Next: 14%
MP:   2/2           EV: 11    Int:  5    God:    Gozag
Gold: 755           SH:  0    Dex: 11    Spells: 8/8 levels left

rFire   . . .        e - +1 glaive (antimagic)
rCold   . . .        (shield currently unavailable)
rNeg    . . .        s - +0 scale mail
rPois   .            (helmet restricted)
rElec   .            o - +0 cloak
rCorr   .            B - +0 pair of gloves
SInv    .            (no boots)
Will    .....        (no amulet) Stlth
                     (no ring)
HPRegen 0.31/turn    (no ring)
MPRegen 0.08/turn

%: no passive effects
@: lethally poisoned (0 -> -23), drained
A: horns 2, retaliatory headbutt
a: Renounce Religion, Potion Petition, Call Merchant, Bribe Branch


You were on level 7 of the Dungeon.
You worshipped Gozag.
Gozag was pleased with you.
You visited 1 branch of the dungeon, and saw 7 of its levels.

You collected 796 gold pieces.
You paid 41 gold pieces to Gozag.

Inventory:

Hand Weapons
 a - a +2 flail of protection
 e - a +1 antimagic glaive (weapon)
Missiles
 I - 3 silver javelins (quivered)
Armour
 b - a +0 tower shield
 o - a +0 cloak (worn)
 s - a +0 scale mail (worn)
 B - a +0 pair of gloves (worn)
 H - +0 steam dragon scales
Jewellery
 t - a ring of resist corrosion
 v - a ring of protection from fire
 y - an amulet of the acrobat
 D - a +4 ring of protection
Talismans
 k - a flux talisman
Wands
 F - a wand of flame (13)
Scrolls
 c - a scroll of torment {unknown}
 g - 2 scrolls of identify {unknown}
 j - 2 scrolls of amnesia {unknown}
 n - 2 scrolls of teleportation {unknown}
 p - a scroll of immolation {unknown}
 q - a scroll of revelation {unknown}
 x - 2 scrolls of noise {unknown}
 z - a scroll of enchant armour {unknown}
 E - a scroll of blinking {unknown}
 G - a scroll of brand weapon {unknown}
Potions
 d - 3 potions of might
 f - 4 potions of curing {unknown}
 h - a potion of ambrosia {unknown}
 i - 3 potions of haste {unknown}
 l - 3 potions of invisibility {unknown}
 m - a potion of attraction {unknown}
 r - 2 potions of cancellation {unknown}
 u - 2 potions of brilliance {unknown}
 w - a potion of heal wounds {unknown}
 C - a potion of mutation {unknown}


   Skills:
 + Level 6.0 Fighting
 + Level 7.0(7.6) Axes
 + Level 4.3(6.3) Maces & Flails
 + Level 0.3 Throwing
 + Level 6.8 Armour
 + Level 4.0 Dodging
 + Level 1.0 Stealth
 + Level 8.7 Shields


You had 8 spell levels left.
You didn't know any spells.
Your spell library contained the following spells:

 Spells                   Type           Power      Damage    Failure   Level
 Ensorcelled Hibernation  Hex/Ice        0%         N/A       87%         2
 Fugue of the Fallen      Necr           0%         N/A       98%         3
 Ozocubu's Armour         Ice            0%         N/A       98%         3
 Anguish                  Hex/Necr       0%         N/A       100%        4
 Metabolic Englaciation   Hex/Ice        0%         N/A       100%        5
 Sculpt Simulacrum        Ice/Alch       0%         N/A       100%        6


Dungeon Overview and Level Annotations

Branches:
Dungeon (7/15)             Temple (0/1) D:5

Altars:
Gozag
Kikubaaqudgha
Ru
Uskayaw
Vehumet
Xom
Yredelemnul

Shops:
D:2 [   D:3 [


Innate Abilities, Weirdness & Mutations

You have a pair of horns on your head.
You reflexively headbutt those who attack you in melee.


Message History

You are poisoned.
A gnoll comes into view. It is wielding a +0 flail.
The wight hits you with a +0 long sword!
You feel drained.
The gnoll sergeant hits you with a +2 spear of venom.
You are more poisoned.
The wight hits you with a +0 long sword.
Unknown command.
You barely miss the gnoll sergeant.
Your headbutt misses the gnoll sergeant.
The gnoll sergeant is moderately wounded.
You feel very sick.
The gnoll sergeant hits you with a +2 spear of venom.
You are more poisoned.
The wight hits you with a +0 long sword.
You feel drained.
You hit the gnoll sergeant but do no damage.
You headbutt the gnoll sergeant.
The gnoll sergeant is heavily wounded.
* * * LOW HITPOINT WARNING * * *
You feel extremely sick.
The gnoll sergeant hits you with a +2 spear of venom.
* * * LOW HITPOINT WARNING * * *
You are lethally poisoned!
Reactivating autopickup.
A sky beast appears from thin air!
The wight barely misses you. You furiously retaliate!
You headbutt the wight!
The gnoll sergeant hits you but does no damage.
You are more poisoned.
A gnoll comes into view. It is wielding a +0 whip.
The wight hits you with a +0 long sword!
* * * LOW HITPOINT WARNING * * *
You slash the gnoll sergeant!
Your headbutt misses the gnoll sergeant.
The gnoll sergeant is almost dead.
* * * LOW HITPOINT WARNING * * *
You feel extremely sick.
The gnoll sergeant hits you with a +2 spear of venom.
You die...
Your body crumbles into a pile of gold.

#.#........#
#..........#
#.#......#.#
#.#......#.#
#.#..###.#.#
###.#........##
.............#
######.########..#
#.@gY#.(.........##
#z##)...########...
#g##..<.# ##..
.z.#....# #..
gg.z!z...# #..
..........# #..
.#######...# #.. ..
..... ### .....#


You could see a sky beast, a gnoll sergeant, 2 wights and 3 gnolls.

Vanquished Creatures
  Maggie (D:7)
  A hornet (D:7)
  2 wyverns
  A black bear (D:5)
  4 ogres
  A phantom (D:5)
  A scorpion (D:5)
  A wight (D:7)
  2 vampire bats (D:7)
  3 howler monkeys
  2 bombardier beetles
  4 hounds
  2 jellies
  A gnoll bouda (D:7)
  2 orc priests
  3 iguanas
  A sleepcap (D:7)
  2 orc wizards
  3 gnolls (D:6)
  3 adders
  4 ufetubi
  A dart slug (D:3)
  A ribbon worm (D:5)
  17 orcs
  7 ball pythons
  7 bats
  3 bat skeletons (D:7)
  A bat zombie (D:7)
  5 endoplasms
  4 giant cockroaches
  6 goblins
  8 hobgoblins
  3 jackals (D:2)
  5 kobolds
  2 quokkas
  3 frilled lizards
  6 rats
123 creatures vanquished.

Notes
Turn   | Place    | Note
-------+----------+-------------------------------------------
     0 | D:1      | Fodor the Minotaur Fighter began the quest for the Orb.
     0 | D:1      | Reached XP level 1. HP: 19/19 MP: 0/0
   246 | D:1      | Reached XP level 2. HP: 27/27 MP: 1/1
   562 | D:1      | Reached skill level 4 in Shields
   786 | D:2      | Reached XP level 3. HP: 25/33 MP: 2/2
  1045 | D:2      | Found Bilemysi's Armour Emporium.
  1403 | D:3      | Reached skill level 1 in Dodging
  1403 | D:3      | Reached XP level 4. HP: 26/40 MP: 3/3
  1417 | D:3      | Noticed a +0 spear
  1417 | D:3      | Noticed a +0 dagger
  1420 | D:3      | Noticed a +0 falchion
  1426 | D:3      | Noticed a +0 falchion
  1426 | D:3      | Noticed a +0 short sword
  1427 | D:3      | Noticed a +0 spear
  1427 | D:3      | Noticed a +0 short sword
  1534 | D:3      | Noticed a +0 dagger
  1538 | D:3      | Found a hide-covered altar of Uskayaw.
  1665 | D:3      | Found Tenetu's Antique Armour Boutique.
  1825 | D:3      | Found a radiant altar of Vehumet.
  1826 | D:3      | Found a shimmering altar of Xom.
  1826 | D:3      | Found an opulent altar of Gozag.
  1836 | D:3      | Became a worshipper of Gozag Ym Sagoz the Greedy
  2345 | D:4      | Reached XP level 5. HP: 36/47 MP: 4/4
  2544 | D:4      | Found a basalt altar of Yredelemnul.
  2744 | D:4      | Reached skill level 5 in Armour
  2744 | D:4      | Reached XP level 6. HP: 52/53 MP: 5/5
  2794 | D:4      | Reached skill level 5 in Axes
  2916 | D:5      | Entered Level 5 of the Dungeon
  2952 | D:5      | Reached skill level 5 in Shields
  2970 | D:5      | Reached XP level 7. HP: 44/60 MP: 6/6
  3031 | D:5      | Noticed a wyvern
  3038 | D:5      | Killed a wyvern
  3039 | D:5      | Reached skill level 5 in Fighting
  3387 | D:5      | Found a staircase to the Ecumenical Temple.
  3533 | D:6      | Reached skill level 6 in Shields
  3793 | D:6      | Reached XP level 8. HP: 61/68 MP: 7/7
  3939 | D:6      | Found a sacrificial altar of Ru.
  4151 | D:6      | Reached skill level 1 in Maces & Flails
  4151 | D:6      | Reached skill level 7 in Shields
  4612 | D:7      | Noticed a hornet
  4615 | D:7      | Paralysed by a hornet for 2 turns
  4625 | D:7      | Paralysed by a hornet for 1 turns
  4628 | D:7      | Killed a hornet
  4629 | D:7      | Reached skill level 1 in Stealth
  4714 | D:7      | Reached skill level 8 in Shields
  4755 | D:7      | Found an ancient bone altar of Kikubaaqudgha.
  4755 | D:7      | Noticed Maggie
  4772 | D:7      | Killed Maggie
  4773 | D:7      | Reached XP level 9. HP: 51/75 MP: 1/8
  4899 | D:7      | HP: 1/71 [poisoned by a gnoll sergeant]
  4899 | D:7      | Slain by a gnoll sergeant

Illustrated notes

Levels and vault maps discovered:
D:1:      dpeg_arrival_connections, layout_loops_ring, minmay_pentomino_r2
D:2:      layout_basic, serial_shops, shop
D:3:      layout_loops_ring, nicolae_uskayaw_en_pointe, minitemple,
          serial_shops, nicolae_shop_advertising_works
          [nicolae_subvault_shop_adworks]
D:4:      layout_rooms, mainiacjoe_overflow_small_starburst,
          minmay_increasing_density
D:5:      layout_cave_pools, minmay_temple_entry_fiery,
          chequers_serial_rivers_room_b
D:6:      layout_cave_pools, nicolae_ru_great_annihilating_truth
D:7:      minmay_angry_zag, layout_basic, kennysheep_vampire_church, uniq_maggie

Skill      XL: |  1  2  3  4  5  6  7  8  9 |
---------------+----------------------------+-----
Fighting       | 4 5 6 |  6.0
Armour         | 4 5 6 |  6.8
Shields        | 4 5 6 8 |  8.7
Axes           | 3 4 5 7 |  7.0
Dodging        | 1 2 3 4 |  4.0
Maces & Flails | 4 |  4.3
Stealth        | 1 |  1.0
Throwing       | |  0.3

Action                     |  1- 3 |  4- 6 |  7- 9 || total
---------------------------+-------+-------+-------++-------
  Melee: War axe           |    66 |   122 |    35 ||   223
         Headbutt          |     8 |    20 |    30 ||    58
         Flail             |       |       |   115 ||   115
         Glaive            |       |       |     7 ||     7
  Throw: Javelin           |       |       |     5 ||     5
   Stab: Distracted        |       |     1 |       ||     1
         Paralysed         |       |       |     1 ||     1
 Armour: Scale mail        |    60 |    84 |   134 ||   278
  Dodge: Dodged            |    35 |    37 |    72 ||   144
  Block: Buckler           |    21 |     6 |       ||    27
         Tower shield      |       |    75 |   205 ||   280

Table legend: (Time is in decaauts)
 A = Elapsed time spent in this place.
 B = Non-inter-level travel time spent in this place.
 C = Inter-level travel time spent in this place.
 D = Time resting spent in this place.
 E = Time spent auto-exploring this place.
 F = Levels seen in this place.
 G = Mean time per level.
                   A        B        C        D        E       F      G
               +--------+--------+--------+--------+--------+-----+--------+
         Total |   5055 |   5008 |     47 |    276 |   3163 |   7 |  722.1 |
       Dungeon |   5055 |   5008 |     47 |    276 |   3163 |   7 |  722.1 |
               +--------+--------+--------+--------+--------+-----+--------+

Top non-repeatable levels by time:
     D:3: 963 daAuts
     D:2: 789 daAuts
     D:6: 739 daAuts
     D:7: 727 daAuts
     D:1: 631 daAuts
     D:5: 603 daAuts
     D:4: 600 daAuts
